 Dungeon Crawl Stone Soup version 0.29-a0-824-gd827844252 (webtiles) character file.

Game seed: 164401149811483010

16 NotreDorf the Grave Robber (level 2, 0/19 HPs)
             Began as a Mummy Necromancer on July 10, 2022.
             Killed by divine providence
             ... invoked by an orc priest
              (7 damage)
             ... on level 2 of the Dungeon.
             The game lasted 00:04:55 (882 turns).

NotreDorf the Grave Robber (Mummy Necromancer)       Turns: 882, Time: 00:04:57

Health: 0/19       AC:  2    Str: 11    XL:     2   Next: 41%
Magic:  0/6        EV: 12    Int: 14    God:
Gold:   9          SH:  0    Dex: 12    Spells: 6/7 levels left

rFire   x . .      SeeInvis .   e - +0 quarterstaff
rCold   + . .      Faith    .   (shield currently unavailable)
rNeg    + + +      Spirit   .   a - +0 robe
rPois   ∞          Reflect  .   (no helmet)
rElec   .          Harm     .   (no cloak)
rCorr   .          Rampage  .   (no gloves)
Will    .....                   (no boots)
Stlth   ++........              (no amulet)
HPRegen 0.06/turn               (no ring)
MPRegen 0.10/turn               (no ring)

@: no status effects
A: cold resistance 1, negative energy resistance 3, torment resistance 2, heat
vulnerability 1, no potions
a: no special abilities


You were on level 2 of the Dungeon.
You visited 1 branch of the dungeon, and saw 2 of its levels.

You collected 9 gold pieces.

Inventory:

Hand Weapons
 b - a +0 war axe
 e - a +0 quarterstaff (weapon)
Armour
 a - a +0 robe (worn)
Scrolls
 c - a scroll of teleportation {unknown}
 d - 2 scrolls of identify {unknown}
 f - a scroll of immolation {unknown}


   Skills:
 + Level 1.8 Dodging
 + Level 1.9 Stealth
 + Level 3.0 Spellcasting
 + Level 4.1 Necromancy


You had 6 spell levels left.
You knew the following spells:

 Your Spells              Type           Power      Damage    Failure   Level
a - Necrotise             Necr           52%        1d6       3%          1

Your spell library contained the following spells:

 Spells                   Type           Power      Damage    Failure   Level
 Vampiric Draining        Necr           13%        2d6       12%         3
 Animate Dead             Necr           13%        N/A       36%         4
 Agony                    Necr           13%        N/A       71%         5


Dungeon Overview and Level Annotations

Branches:
Dungeon (2/15)

Altars:


Innate Abilities, Weirdness & Mutations

You are immune to poison.
Your flesh is cold resistant. (rC+)
You are immune to negative energy. (rN+++)
You are immune to unholy pain and torment.
You are vulnerable to heat. (rF-)
You do not drink.


Message History

Confirm with . or Enter, or press ? or * to list all spells.
Aiming: Necrotise (safe; 3% risk of failure)
Press: ? - help, Shift-Dir - straight line, f/p - orc priest
Aim: an orc priest, wielding a +0 dagger (moderately wounded, ally target, chance to affect: 69%)
The orc priest struggles to resist.
Casting: Necrotise (safe; 3% risk of failure)
Confirm with . or Enter, or press ? or * to list all spells.
You don't have enough magic to cast this spell.
There are monsters nearby!
You barely miss the orc.
The orc priest invokes the aid of Beogh against you.
Beogh smites you!
Ouch! That really hurt!
The orc closely misses you.
Your ball python skeleton bites the orc priest but does no damage.
Your ball python skeleton grabs the orc priest.
Your ball python skeleton constricts the orc priest.
The orc barely misses you.
You hit the orc.
The orc is moderately wounded.
Your ball python skeleton bites the orc priest.
Your ball python skeleton constricts the orc priest.
The orc closely misses you.
The orc priest looks encouraged for a moment.
The orc wizard hits your ball python skeleton with a +0 dagger.
You hit the orc.
The orc is almost dead.
Your ball python skeleton misses the orc wizard.
Your ball python skeleton constricts the orc priest.
The orc closely misses you.
The orc wizard hits your ball python skeleton with a +0 dagger.
Your ball python skeleton is destroyed!
Your orc skeleton closely misses the orc.
You hit the orc but do no damage.
The orc is severely wounded.
Your orc skeleton crumbles into dust!
The orc hits you with a +0 short sword.
The orc priest calls down the wrath of Beogh upon you.
Beogh smites you!
You die...

#.........#
#>.....<..#
#.........#
#.........#
#........)##
########o..##
##o..# #o#.# #@#.#
#.#.#########
#...##.......
###.....#
#######.....#
#.......#...#####..
#.....).###........
#...<..............
#......$...........


You could see an orc priest, an orc wizard and an orc.

Vanquished Creatures
  An orc (D:2)
  2 endoplasms (D:1)
  2 giant cockroaches
  A hobgoblin (D:1)
  A kobold (D:1)
  4 ball pythons
  2 bats
  2 rats (D:1)
15 creatures vanquished.

Notes
Turn   | Place    | Note
-------+----------+-------------------------------------------
     0 | D:1      | NotreDorf the Mummy Necromancer began the quest for the
                  | Orb.
     0 | D:1      | Reached XP level 1. HP: 13/13 MP: 4/4
   375 | D:1      | Reached XP level 2. HP: 17/19 MP: 3/5
   882 | D:2      | Killed from afar by an orc priest

Illustrated notes

Levels and vault maps discovered:
D:1:      noname_arrival_rooms_in_the_neighbourhood, layout_basic
D:2:      layout_rooms

Skill      XL: |  1  2 |
---------------+-------+-----
Spellcasting   | 3 |  3.0
Dodging        | |  1.8
Stealth        | |  1.9
Necromancy     | |  4.1

Action                   || total
-------------------------++-------
Melee: War axe           ||     4
       Quarterstaff      ||     4
 Cast: Necrotise         ||    26
Armor: Robe              ||     1
Dodge: Dodged            ||     9

Table legend: (Time is in decaauts)
 A = Elapsed time spent in this place.
 B = Non-inter-level travel time spent in this place.
 C = Inter-level travel time spent in this place.
 D = Time resting spent in this place.
 E = Time spent auto-exploring this place.
 F = Levels seen in this place.
 G = Mean time per level.
                   A        B        C        D        E       F      G
               +--------+--------+--------+--------+--------+-----+--------+
         Total |    883 |    782 |    101 |      0 |    500 |   2 |  441.5 |
       Dungeon |    883 |    782 |    101 |      0 |    500 |   2 |  441.5 |
               +--------+--------+--------+--------+--------+-----+--------+

Top non-repeatable levels by time:
     D:1: 828 daAuts
     D:2: 55 daAuts
